Map: Year Zero LE

Players

Dear - Winner!

  • Race: Protoss Protoss
  • Spawn Location: 11:00

uThermal

  • Race: Terran Terran
  • Spawn Location: 1:00

Event: IEM Season 13: Katowice (2019)

VOD

Have the link to the VOD?

Description

Time

  • Played on: March 1, 2019, 3:59 p.m.
  • Length: 8:22

All games in this series

Show
View Real Time Build Order
Export as new Build Order

Dear Protoss - Winner!

Build Orders: 1 Gate Expand, Phoenix Opening 

Get SALT Encoding   

  12  0:00  Probe  
  13  0:12  Probe  
  14  0:17  Pylon  
  14  0:24  Probe  
  15  0:32  Probe  
  15  0:37  Gateway  
  15  0:40  Probe  
  16  0:46  Assimilator  
  17  0:51  Probe  
  18  1:03  Probe  
  19  1:15  Probe  
  20  1:24  Nexus  
  20  1:34  Cybernetics Core  
  20  1:36  Probe  
  21  1:42  Assimilator  
  21  1:49  Probe  
  21  1:53  Pylon  
  22  2:01  Probe  
  23  2:13  Probe  
  23  2:14  Stargate  
  24  2:17  Adept  
  26  2:25  Probe  
  26  2:28  Warp Gate  
  27  2:32  Probe  
  27  2:33  Probe  
  28  2:40  Probe  
  28  2:41  Probe  
  29  2:47  Adept  
  29  2:49  Phoenix  
  29  2:50  Probe  
  33  2:51  Probe  
  37  3:03  Probe x2  
  39  3:06  Phoenix  
  39  3:15  Probe x2  
  45  3:23  Phoenix  
  45  3:27  Probe  
  45  3:28  Pylon  
  45  3:33  Gateway  
  46  3:39  Gateway  
  46  3:42  Phoenix  
  46  3:46  Probe x2  
  48  3:53  Pylon  
  50  3:58  Probe x2  
  52  4:07  Phoenix  
  54  4:11  Probe x2  
  54  4:12  Assimilator  
  56  4:17  Assimilator  
  56  4:21  Pylon  
  56  4:24  Probe x2  
  58  4:36  Probe  
  59  4:39  Stalker x3  
  59  4:41  Probe  
  66  4:47  Pylon  
  66  4:48  Probe  
  67  5:04  Pylon  
  67  5:08  Stalker x3  
  73  5:16  Nexus  
  72  5:27  Forge  
  72  5:29  Twilight Council  
  72  5:34  Adept x3  
  78  5:52  Pylon  
  78  5:53  Protoss Ground Weapons Level 1  
  78  5:56  Robotics Facility  
  51  5:57  Resonating Glaives  
  78  6:10  Adept x3  
  77  6:14  Gateway  
  77  6:15  Gateway  
  69  6:19  Gateway  
  65  6:29  Probe x3  
  65  6:32  Adept x3  
  74  6:37  Observer  
  74  6:38  Gateway  
  74  6:39  Gateway  
  74  6:42  Probe x3  
  78  6:50  Phoenix  
  78  6:53  Warp Prism  
  80  6:55  Adept  
  80  6:56  Adept  
  80  7:00  Probe x2  
  80  7:01  Probe  
  89  7:18  Phoenix  
  91  7:24  Pylon  
  91  7:32  Adept x3  
  91  7:33  Adept x4  
  105  7:41  Pylon  
  105  7:42  Phoenix  
  107  7:45  Gateway  
  97  8:04  Adept  
  97  8:05  Adept x7  
Show
View Real Time Build Order
Export as new Build Order

uThermal Terran 

Build Orders:  

Get SALT Encoding   

  12  0:01  SCV  
  13  0:13  SCV  
  14  0:18  Supply Depot  
  14  0:25  SCV  
  15  0:28  Refinery  
  15  0:40  SCV  
  16  0:45  Barracks  
  16  0:52  SCV  
  17  1:04  SCV  
  18  1:16  SCV  
  19  1:33  Orbital Command, Marine  
  19  1:34  Factory  
  20  1:40  Supply Depot  
  20  1:52  Barracks Reactor  
  20  1:59  SCV  
  21  2:09  Command Center  
  21  2:11  SCV  
  22  2:22  Supply Depot  
  22  2:23  SCV  
  23  2:32  Hellion x2  
  23  2:35  SCV  
  23  2:37  Refinery  
  28  2:47  SCV  
  29  2:54  Hellion x2  
  29  2:58  Starport  
  33  3:01  SCV  
  34  3:13  SCV  
  34  3:15  Widow Mine x2  
  39  3:24  Orbital Command  
  39  3:25  SCV  
  40  3:34  Medivac  
  40  3:36  Widow Mine  
  40  3:37  Widow Mine  
  46  3:41  Barracks Tech Lab  
  46  3:42  SCV  
  47  3:48  Supply Depot  
  47  3:49  SCV  
  47  3:54  SCV  
  49  4:02  SCV  
  54  4:05  Starport Reactor  
  54  4:07  Marine  
  51  4:16  SCV  
  50  4:19  Barracks, Factory Tech Lab  
  50  4:22  Barracks, SCV  
  50  4:23  Bunker  
  51  4:25  Marine  
  51  4:28  SCV  
  53  4:34  SCV  
  53  4:38  Engineering Bay, Refinery  
  46  4:40  SCV  
  46  4:41  Siege Tank  
  46  4:43  Marine  
  49  4:46  SCV  
  49  4:51  Starport Reactor  
  50  4:53  SCV  
  50  4:58  SCV  
  52  5:01  Marine  
  52  5:05  Terran Infantry Weapons Level 1, SCV  
  54  5:09  Missile Turret  
  54  5:10  Missile Turret, SCV  
  54  5:11  Marine x2  
  54  5:13  Marine x2  
  56  5:16  Supply Depot  
  56  5:17  SCV  
  57  5:22  Siege Tank  
  57  5:24  SCV  
  57  5:26  Marine  
  59  5:28  Marine  
  59  5:29  Marine  
  59  5:31  Marine  
  58  5:35  Marine  
  58  5:39  Medivac  
  61  5:44  Marine  
  61  5:47  Marine  
  61  5:49  Marine  
  61  5:54  Marine  
  62  6:00  Siege Tank  
  52  6:11  Marine  
  52  6:15  SCV  
  52  6:17  Marine  
  46  6:21  SCV  
  46  6:22  Barracks Tech Lab  
  46  6:28  Missile Turret  
  46  6:31  Marine x2  
  48  6:33  SCV  
  48  6:35  SCV  
  48  6:39  Marine  
  50  6:40  Marine  
  50  6:45  SCV  
  53  6:49  SCV  
  52  6:56  Marine x2  
  52  6:57  SCV  
  54  7:01  SCV, Marine  
  54  7:02  Marine x2  
  58  7:09  SCV, Supply Depot  
  58  7:12  Siege Tank  
  62  7:16  Marine  
  62  7:18  Marine  
  62  7:30  SCV x2, Medivac, Marine x3  
  62  7:33  Supply Depot  
  69  7:42  SCV  
  69  7:43  Supply Depot  
  70  7:53  Marine  
  70  7:55  SCV  
  68  8:01  SCV, Marine x2  
  68  8:03  Marine  

Tags
 
Add a new tag
Caveats
  • Supply blocks, unpowered buildings, or Contaminate may cause inaccurate times.
  • Supply counts are checked every 10 seconds.